 Crawl Stoat Soup version 0.23-ish-327-92-g4e138c7aa0 (console) character file.

1642290 hilarita the Sniper (level 27, 185/242 HPs)
             Began as a Formicid Hunter on Apr 5, 2024.
             Was the Champion of Ihp'ix.
             Escaped with the Orb
             ... and 3 runes on Apr 6, 2024!
             The game lasted 04:47:57 (81045 turns).

hilarita the Sniper (Formicid Hunter)              Turns: 81045, Time: 04:47:58

Health: 185/242    AC: 55    Str: 34    XL:     27
Magic:  37/37      EV: 13    Int: 14    God:    Ihp'ix [******]
Gold:   776        SH: 34    Dex: 14    Spells: 20/41 levels left

rFire    + . .     SeeInvis +   a - +8 triple crossbow (velocity) {divine}
rCold    + + .     Gourm    .   p - +8 tower shield {rC+}
rNeg     + . .     Faith    .   B - +12 crystal plate armour of Hysteria {rC+ MR+ Slay+2}
rPois    .         Spirit   +   (helmet unavailable)
rElec    +         Warding  +   V - scarf {Ward rN+ MR+}
rCorr    +         Reflect  .   y - +4 pair of gloves of Amelioration {rCorr Dex+3}
MR       +++++     Harm     .   L - +2 pair of boots
Stlth    ..........             G - amulet "Ugyduisi" {Spirit rElec rF+ MR+}
HPRegen  0.50/turn              N - ring of the Garden {MR+ AC+2 Str+5}
MPRegen  0.25/turn              E - +4 ring of slaying

@: max piety
A: permanent stasis, dig shafts and tunnels, four strong arms, antennae 3,
molten scales 1, strong 1
0: Orb of Zot
}: 3/15 runes: barnacled, silver, gossamer
a: Dig, Shaft Self, Infuse Ranged Attacks, Piercing Fire, Superior Divine
Weapon, Renounce Religion


You escaped.
You worshipped Ihp'ix.
Ihp'ix was exalted by your worship.
You were full.

You visited 10 branches of the dungeon, and saw 50 of its levels.
You visited 3 bazaars.
You also visited: Ossuary.

You collected 7766 gold pieces.
You spent 6990 gold pieces at shops.

Inventory:

Hand Weapons
 a - a +8 triple crossbow of velocity (weapon) {divine}
 b - a +8 longbow of flaming
 j - a +8 arbalest of freezing
 z - the +6 arbalest "Damnation" {damnation}
   (You acquired it on level 6 of the Dungeon)

   Ihp'ix's Piercing Fire ability will not work with shots that explode on
   impact.
Armour
 p - a +8 tower shield of cold resistance (worn)
 y - the +4 pair of gloves of Amelioration (worn) {rCorr Dex+3}
   (You acquired it on level 6 of the Dungeon)

   It affects your dexterity (+3).
   It provides partial protection from all sources of acid and corrosion.
 B - the +12 crystal plate armour of Hysteria (worn) {rC+ MR+ Slay+2}
   (You acquired it on level 6 of the Dungeon)

   It affects your accuracy and damage with ranged weapons and melee attacks
   (+2).
   It protects you from cold.
   It affects your resistance to hostile enchantments.
 L - a +2 pair of boots (worn)
 V - a scarf of warding (worn)
Jewellery
 k - the ring of a Million Allies {rC+ rN+ MR+}
   (You bought it in a shop in a bazaar)

   [ring of positive energy]

   It protects you from cold.
   It protects you from negative energy.
   It affects your resistance to hostile enchantments.
 o - an uncursed ring of positive energy
 D - an uncursed ring of protection from magic
 E - a +4 ring of slaying (right hand)
 G - the amulet "Ugyduisi" (around neck) {Spirit rElec rF+ MR+}
   (You bought it in a shop in a bazaar)

   [amulet of guardian spirit]

   It causes incoming damage to be split between your health and magic.
   It protects you from fire.
   It insulates you from electricity.
   It affects your resistance to hostile enchantments.
 N - the ring of the Garden (left hand) {MR+ AC+2 Str+5}
   (You took it off a deep elf knight on level 3 of the Elven Halls)

   [ring of protection]

   It affects your AC (+2).
   It affects your strength (+5).
   It affects your resistance to hostile enchantments.
 P - an uncursed ring of poison resistance
 W - an uncursed ring of protection from fire
 X - an uncursed ring of flight
Wands
 m - 6 wands of acid (40 charges)
 n - 3 wands of digging (19 charges)
 t - 7 wands of flame (210 charges)
 M - 3 wands of scattershot (25 charges)
 Y - 2 wands of iceblast (18 charges)
Scrolls
 c - 2 scrolls of silence
 e - 3 scrolls of noise
 q - 31 scrolls of remove curse
 r - 13 scrolls of fear
 x - 10 scrolls of immolation
 C - 4 scrolls of magic mapping
 O - 6 scrolls of fog
 Q - 4 scrolls of holy word
 R - 6 scrolls of enchant armour
 T - 16 scrolls of identify
Potions
 h - 9 potions of heal wounds
 i - 7 potions of cancellation
 l - 7 potions of agility
 s - 11 potions of mutation
 u - 6 potions of invisibility
 w - 7 potions of ambrosia
 I - 18 potions of curing
 J - 11 potions of flight
 K - 7 potions of magic
 S - 3 potions of might
 U - 6 potions of brilliance
 Z - 2 potions of resistance
Miscellaneous
 v - a sack of spiders
 F - 4 boxes of beasts
 H - 3 phantom mirrors
Comestibles
 f - 30 bread rations
 g - 39 meat rations


   Skills:
 - Level 25.0 Fighting
 - Level 26.0 Crossbows
 + Level 23.8 Armour
 + Level 12.9 Dodging
 - Level 1.2 Stealth
 + Level 22.1 Shields
 - Level 7.9 Spellcasting
 - Level 5.0 Charms
 - Level 8.0 Summonings
 - Level 6.0 Translocations
 - Level 20.0 Invocations
 - Level 20.0 Evocations


You had 20 spell levels left.
You knew the following spells:

 Your Spells              Type           Power        Failure   Level  Hunger
a - Apportation           Tloc           22/50        6%          1    None
b - Summon Butterflies    Summ           28/100       2%          1    None
c - Shroud of Golubria    Chrm/Tloc      21/50        12%         2    None
d - Aura of Abjuration    Summ           28/200       58%         5    #####..
e - Mephitic Cloud        Conj/Pois/Air  5/100        92%         3    ##.....
f - Confusing Touch       Hex            5/50         58%         1    None
g - Passage of Golubria   Tloc           N/A          54%         4    ####...
h - Regeneration          Chrm/Necr      12/200       95%         4    ####...

Your spell library contained the following spells:

 Spells                   Type           Power        Failure   Level  Hunger
 Summon Small Mammal      Summ           25/25        2%          1    None
 Call Imp                 Summ           28/100       4%          2    None
 Call Canine Familiar     Summ           28/100       9%          3    ##.....
 Infusion                 Chrm           19/25        10%         1    None
 Recall                   Summ/Tloc      N/A          12%         3    ##.....
 Song of Slaying          Chrm           19/100       14%         2    None
 Gell's Gravitas          Tloc           22/200       19%         3    ##.....
 Lesser Beckoning         Tloc           22/200       19%         3    ##.....
 Teleport Other           Tloc           22/100       19%         3    ##.....
 Flame Tongue             Conj/Fire      5/40         58%         1    None
 Freeze                   Ice            5/25         58%         1    None
 Magic Dart               Conj           5/25         58%         1    None
 Necrotise                Necr           5/25         58%         1    None
 Sandblast                Erth           5/50         58%         1    None
 Summon Demon             Summ           28/200       58%         5    #####..
 Ozocubu's Armour         Chrm/Ice       12/100       61%         3    ##.....
 Spectral Weapon          Hex/Chrm       12/100       61%         3    ##.....
 Ensorcelled Hibernation  Hex/Ice        5/50         75%         2    None
 Passwall                 Tmut/Erth      5/120        75%         2    None
 Slow                     Hex            5/100        75%         2    None
 Throw Flame              Conj/Fire      5/50         75%         2    None
 Throw Frost              Conj/Ice       5/50         75%         2    None
 Summon Forest            Summ/Tloc      25/200       75%         5    #####..
 Summon Ice Beast         Ice/Summ       16/100       80%         4    ####...
 Summon Lightning Spire   Summ/Air       16/100       80%         4    ####...
 Force Lance              Conj/Tloc      13/100       91%         4    ####...
 Confuse                  Hex            5/100        92%         3    ##.....
 Conjure Flame            Conj/Fire      5/100        92%         3    ##.....
 Dazzling Spray           Conj/Hex       5/50         92%         3    ##.....
 Inner Flame              Hex/Fire       5/100        92%         3    ##.....
 Spider Form              Tmut/Pois      5/200        92%         3    ##.....
 Stone Arrow              Conj/Erth      5/50         92%         3    ##.....
 Tukima's Dance           Hex            5/100        92%         3    ##.....
 Vampiric Draining        Necr           5/200        92%         3    ##.....
 Insulation               Chrm/Air       12/200       95%         4    ####...
 Summon Mana Viper        Hex/Summ       16/100       98%         5    #####..
 Shadow Creatures         Summ           N/A          99%         6    #######
 Cause Fear               Hex            5/200        100%        4    ####...
 Olgreb's Toxic Radiance  Pois           5/100        100%        4    ####...
 Petrify                  Tmut/Erth      5/100        100%        4    ####...
 Sticky Flame             Conj/Fire      5/100        100%        4    ####...
 Throw Icicle             Conj/Ice       5/100        100%        4    ####...
 Alistair's Intoxication  Tmut/Pois      5/100        100%        5    #####..
 Bolt of Magma            Conj/Fire/Erth 5/200        100%        5    #####..
 Fireball                 Conj/Fire      5/200        100%        5    #####..
 Irradiate                Conj/Tmut      5/200        100%        5    #####..
 Iskenderun's Battlesphe  Conj/Chrm      12/100       100%        5    #####..
 Lee's Rapid Deconstruct  Erth           5/200        100%        5    #####..
 Lightning Bolt           Conj/Air       5/200        100%        5    #####..
 Silence                  Hex/Air        5/200        100%        5    #####..
 Bolt of Fire             Conj/Fire      5/200        100%        6    #######
 Conjure Ball Lightning   Conj/Air       5/200        100%        6    #######
 Darkness                 Hex            5/200        100%        6    #######
 Deflect Missiles         Chrm/Air       12/200       100%        6    #######
 Eringya's Noxious Bog    Tmut/Pois      5/200        100%        6    #######
 Hydra Form               Tmut           5/200        100%        6    #######
 Invisibility             Hex            5/100        100%        6    #######
 Iron Shot                Conj/Erth      5/200        100%        6    #######
 Statue Form              Tmut/Erth      5/150        100%        6    #######
 Velakast's Superior Rad  Hex/Pois       5/200        100%        6    #######
 Dragon Form              Tmut           5/200        100%        7    #######
 Orb of Destruction       Conj           5/200        100%        7    #######
 Ring of Flames           Chrm/Fire      12/200       100%        7    #######
 Spellforged Servitor     Conj/Summ      16/200       100%        7    #######
 Dragon's Call            Summ           28/200       100%        9    #######
 Haste                    Chrm           19/100       100%        9    #######
 Tornado                  Air            5/200        100%        9    #######
 Blink                    Tloc           Unusable     N/A         2    N/A
 Swiftness                Chrm/Air       Unusable     N/A         2    N/A

Dungeon Overview and Level Annotations

Branches:
Dungeon (15/15)            Temple (1/1) D:4            Lair (6/6) D:10
 Shoals (4/4) Lair:4       Spider (4/4) Lair:3        Slime (0/5) Lair:6
    Orc (2/2) D:10            Elf (3/3) Orc:2        Vaults (5/5) D:13
  Crypt (0/3) Vaults:3     Depths (5/5) D:15            Zot (5/5) Depths:5

Altars:
Ashenzari
Dithmenos
Elyvilon
Fedhas
Gozag
Hepliaklqana Ihp'ix
Kikubaaqudgha
Makhleb
Nemelex Xobeh
Okawaru
Qazlal
Ru
Sif Muna
Trog
Uskayaw
Vehumet
Wu Jian
Xom
Yredelemnul
The Shining One
Beogh

Shops:
D:10 ?   D:14 =   Orc:2 (?!(}   Elf:2 [!=*   Elf:3 }=}   Vaults:3 !
Depths:1 :

Portals:
Hell: Depths:1 Depths:2 Depths:3 Depths:4 Depths:5
Abyss: Depths:1 Depths:4
Pandemonium: Depths:1 Depths:2 Depths:3
Ziggurat: Depths:4

Annotations:
D:5 1 runed door
Depths:2 2 runed doors
Zot:3 1 transporter


Innate Abilities, Weirdness & Mutations

You cannot be hasted, slowed, berserked, paralysed or teleported.
You can dig through walls and to a lower floor.
Your four strong arms can wield any weapon, usually with a shield.
You have a pair of large antennae on your head. (SInv)
You are partially covered in molten scales. (AC +2)
Your muscles are strong. (Str +2)


Message History

(N) Hippo Nest (M) Slime Pits (O) Orcish Mines (E) Elven Halls (V) Vaults (C) Crypt (U) Depths (H) Hell (Z) Zot
Where to? (Enter - D:1, ? - help)
There is a stone staircase leading up here.
You climb upwards.
There is a stone staircase leading down here.
There is a stone staircase leading up here.
You climb upwards.
Ihp'ix gathers up 27 stones.
There is a stone staircase leading down here.
(D) Dungeon (T) Temple (L) Lair (A) Shoals (N) Hippo Nest (M) Slime Pits (O) Orcish Mines (E) Elven Halls (V) Vaults (C) Crypt (U) Depths (H) Hell (Z) Zot
Where to? (Enter - D:1, ? - help)
Okay, then.
There is an open door here.
There is a staircase leading out of the dungeon here.
You have escaped!

...# ##.####....########..#....##
...###.............>.....####....
.......#####.########.#### ##...
.......#.................# #.#.
#.#....#.#######'#######.# #.##
.>.....#.#.............#.# ###.#
..######.#.###########.#.# #...##
..# #.#.#.........#.#.###.#...
..# #.#.#)#######.#.#.##......
..# ###.#.#.#.....#.#.#.##..#.##
..# #...#...#..@..#...#.......#.
..# #.#.#.#.#.....#.#.#.#...#.#.
..# #.#.#.#.###.###.#.#.###.#.##
..# #.#.#.#.........#.#.# #.#...
..####.#.#.###########.#.# #.#...
.......#.#.............#.# #.....
.......#.#######'#######.# ###...
.......#..รท..............# #...
.......####.########.##### ##..
............# #.# #..
.......###### #.##########..


There were no monsters in sight!

Vanquished Creatures
  5 orbs of fire (Zot:5)
  An ancient lich (Zot:5)
  2 juggernauts
  Sojobo (Vaults:4)
  Margery (Vaults:2)
  Xtahua (Vaults:5)
  3 curse toes
  3 Killer Klowns
  10 golden dragons
  A golden dragon (shapeshifter) (Depths:1)
  A pandemonium lord (D:8)
  A Tzitzimitl (D:8)
  4 electric golems
  A hellephant (Depths:2)
  19 tentacled monstrosities
  A Hell Sentinel (D:4)
  Asterion (Elf:3)
  5 liches
  6 titans
  A deep elf master archer (Elf:3)
  22 Orb Guardians
  3 deep elf blademasters
  12 quicksilver dragons
  7 death cobs
  Kirke (Elf:1)
  Polyphemus (Shoals:2)
  A kraken (Shoals:3)
  5 sphinxes
  10 shadow dragons
  19 storm dragons
  7 draconian monks
  7 tengu reavers
  An iron dragon (Vaults:5)
  8 deep elf sorcerers
  14 frost giants
  9 fire giants
  7 draconian knights
  2 balrugs
  An orc warlord (Orc:2)
  Maud (Lair:6)
  4 draconian scorchers
  7 ghost moths
  9 emperor scorpions
  An emperor scorpion (shapeshifter) (Depths:1)
  23 vault wardens
  3 cacodemons
  8 deep elf elementalists
  8 draconian shifters
  6 draconian stormcallers
  5 draconian annihilators
  A spriggan defender (Depths:3)
  17 ironheart preservers
  24 very ugly things
  3 war gargoyles
  9 entropy weavers
  25 stone giants
  17 green draconians
  2 vampire knights
  6 deep elf demonologists
  11 deep elf annihilators
  11 black draconians
  2 corrupters (Depths:3)
  12 spark wasps
  A lorocyproca (D:3)
  12 white draconians
  Nessos (Lair:6)
  11 yellow draconians
  15 red draconians
  A dire elephant (D:15)
  12 ettins
  8 purple draconians
  15 merfolk impalers
  A green death (Depths:2)
  Josephine (D:14)
  9 deep elf death magi
  2 crystal guardians
  4 merfolk javelineers
  18 ogre magi
  15 great orbs of eyes
  9 deep elf high priests
  41 vault guards
  2 great orbs of eyes (shapeshifter)
  23 yaktaur captains
  10 rakshasas
  7 hydras
  18 fire dragons
  15 ice dragons
  2 cavaliers
  9 merfolk avatars
  16 centaur warriors
  An ice dragon (shapeshifter) (Vaults:5)
  4 spriggan air magi
  A catoblepas (Shoals:2)
  2 merfolk aquamancers (Shoals:4)
  2 death knights
  A queen ant (shapeshifter) (Depths:4)
  32 dancing weapons
  A death yak (shapeshifter) (Depths:1)
  13 death yaks
  A queen ant (Spider:1)
  3 large abominations
  63 two-headed ogres
  13 deep troll shamans
  A small abomination (Elf:3)
  3 hell hogs (D:15)
  2 vampire magi
  9 deep troll earth magi
  A satyr (Shoals:3)
  5 tengu warriors
  A titan zombie (Depths:1)
  5 sun demons
  An orc high priest (Elf:2)
  5 spriggan berserkers
  A fire crab (Lair:6)
  2 iron trolls
  33 deep elf knights
  A fire crab (shapeshifter) (Depths:1)
  2 shadow wraiths
  A storm dragon zombie (Depths:1)
  7 hell knights
  9 skeletal warriors
  14 sea snakes
  3 flayed ghosts
  2 infernal demonspawn (Depths:3)
  A death drake (shapeshifter) (Depths:1)
  2 unseen horrors
  An unseen horror (shapeshifter) (Depths:4)
  8 glowing orange brains
  28 deep trolls
  5 wizards
  A gelid demonspawn (Depths:3)
  5 phantasmal warriors
  2 shadow demons (Zot:3)
  16 orc knights
  9 deep elf archers
  4 oklob plants (Lair:6)
  An obsidian statue (Depths:1)
  36 harpies
  19 ironbrand convokers
  2 necromancers
  A wolf spider zombie (D:14)
  A salamander (shapeshifter) (Vaults:1)
  2 orb spiders (shapeshifter)
  41 wolf spiders
  54 ugly things
  A faun (Shoals:2)
  A stone giant zombie (Vaults:3)
  69 deep elf magi
  3 orc sorcerers
  12 cyclopes
  16 griffons
  18 manticores
  25 moths of wrath
  An elephant (shapeshifter) (Depths:1)
  18 orb spiders
  11 merfolk sirens
  2 guardian serpents (shapeshifter)
  A rust devil (Depths:2)
  A rotting hulk (Vaults:3)
  A black mamba (Lair:6)
  12 water nymphs
  Psyche (D:8)
  16 vault sentinels
  9 elephants (Lair:6)
  3 orange demons
  3 torpor snails
  5 gargoyles
  13 spiny frogs
  5 rime drakes
  8 komodo dragons
  14 freezing wraiths
  2 kobold demonologists (D:12)
  54 yaktaurs
  15 demonic crawlers
  A hellion (Depths:2)
  2 spriggan zombies (Depths:1)
  A yaktaur zombie (Depths:1)
  2 efreet
  A hellwing (Depths:2)
  10 trolls
  A queen bee (shapeshifter) (Vaults:4)
  A jumping spider (shapeshifter) (Vaults:5)
  28 merfolk
  3 meliai (shapeshifter)
  2 tengu conjurers (Depths:3)
  A firefly (shapeshifter) (Vaults:3)
  5 polar bears
  2 red devils
  28 jumping spiders
  7 boulder beetles
  20 hornets
  A raiju (shapeshifter) (Depths:5)
  2 merfolk (shapeshifter) (Depths:1)
  5 wind drakes
  2 polar bears (shapeshifter)
  Prince Ribbit (Lair:2)
  17 blink frogs
  5 ravens
  39 slime creatures
  11 snapping turtles
  3 dream sheep (Shoals:1)
  15 water elementals
  A meliai zombie (D:13)
  Sigmund (D:4)
  72 redbacks
  2 spriggans (Depths:3)
  3 wyverns
  40 yaks
  5 shadows
  A spriggan (shapeshifter) (Vaults:4)
  6 wraiths
  38 tarantellas
  3 hungry ghosts
  4 basilisks
  2 hogs (Elf:1)
  A hippogriff (shapeshifter) (Depths:3)
  A fire elemental (Elf:2)
  14 hippogriffs
  A steam dragon (D:13)
  A golden eye (shapeshifter) (Depths:1)
  5 vampire mosquitoes
  5 chaos spawn
  3 wargs
  A human simulacrum (Vaults:2)
  25 soldier ants
  An acid dragon (D:12)
  2 soldier ants (shapeshifter)
  A water moccasin (shapeshifter) (Depths:1)
  Duvessa (D:4)
  10 water moccasins
  A floating eye (shapeshifter) (Vaults:4)
  3 floating eyes
  3 sky beasts
  7 ice beasts
  3 porcupines
  51 orc warriors
  A black bear (shapeshifter) (Depths:2)
  2 eyes of draining (D:7)
  2 eyes of draining (shapeshifter)
  An ogre (shapeshifter) (Depths:1)
  5 wolves
  15 boggarts
  A necrophage (D:15)
  52 ogres
  31 centaurs
  A crocodile (shapeshifter) (Vaults:4)
  4 phantoms
  9 crocodiles
  6 big kobolds
  14 bullfrogs
  A wyvern zombie (D:14)
  An earth elemental (Elf:1)
  2 wyvern skeletons
  A yaktaur skeleton (Depths:1)
  12 scorpions
  Dowan (D:4)
  6 killer bees (D:13)
  18 wights
  5 electric eels
  2 howler monkeys
  A goliath beetle (D:10)
  4 centaur zombies
  5 bullfrog zombies
  2 crimson imps (Depths:4)
  A quasit (D:10)
  12 hounds
  An iron imp (Depths:3)
  A jelly (D:15)
  24 orc priests
  2 bullfrog skeletons
  8 centaur skeletons
  14 mummies (Ossuary)
  2 iguanas
  27 orc wizards
  41 worker ants
  A human skeleton (D:5)
  A killer bee zombie (Ossuary)
  3 hound zombies
  A hound skeleton (D:5)
  3 worker ant zombies
  11 gnolls
  A howler monkey skeleton (D:4)
  15 adders
  2 shadow imps
  15 white imps
  An ufetubus (D:9)
  An ooze (D:4)
  2 adder zombies
  2 adder skeletons
  5 worms
  2 dart slugs (D:1)
  9 leopard geckos
  161 orcs
  3 ball pythons
  10 bats
  3 giant cockroaches
  8 goblins
  5 hobgoblins
  11 jackals
  6 weasels
  5 frilled lizards
  A giant cockroach zombie (Ossuary)
  14 kobolds
  A kobold zombie (D:5)
  A rat (shapeshifter) (Vaults:5)
  2 rats
  A weasel skeleton (D:7)
  2 weasel zombies
  3 crawling corpses
  A fungus (Elf:3)
  7 plants
  A tentacle (Shoals:3)
2715 creatures vanquished.

Vanquished Creatures (collateral kills)
  A Killer Klown (Zot:5)
  A cacodemon (Depths:3)
  A draconian annihilator (Zot:5)
  A sixfirhy (Depths:3)
  A toenail golem (Depths:3)
  A yaktaur (Depths:3)
6 creatures vanquished.

Vanquished Creatures (others)
  A caustic shrike (Depths:1)
  2 tengu reavers
  A draconian monk (Zot:2)
  A fire giant (Depths:3)
  A draconian knight (Zot:1)
  An ironheart preserver (Vaults:1)
  A stone giant (Depths:1)
  A cavalier (Depths:1)
  A two-headed ogre (Vaults:4)
  A glowing orange brain (Depths:1)
  An ironbrand convoker (Vaults:4)
  2 deep elf magi
  A necromancer (Depths:1)
  4 humans (Elf:1)
  A boggart (Depths:4)
  2 ogres
  A centaur (Depths:4)
  An orc wizard (Orc:2)
  An iguana (D:6)
  3 bushes (Lair:6)
  12 fungi (Lair:6)
  38 plants
  3 tentacles (Shoals:3)
  A withered plant (Ossuary)
82 creatures vanquished.

Grand Total: 2803 creatures vanquished

Notes
Turn   | Place    | Note
-------+----------+-------------------------------------------
     0 | D:1      | hilarita the Formicid Hunter began the quest for the Orb.
     0 | D:1      | Reached XP level 1. HP: 16/16 MP: 1/1
   285 | D:1      | Reached XP level 2. HP: 21/22 MP: 2/2
   409 | D:1      | Reached skill level 1 in Shields
   887 | D:1      | Reached XP level 3. HP: 24/28 MP: 3/3
  1395 | D:2      | Noticed ceb's ghost (weakling FDNe)
  1409 | D:2      | Reached skill level 1 in Armour
  1568 | D:2      | Reached XP level 4. HP: 29/34 MP: 4/4
  1906 | D:3      | Reached XP level 5. HP: 18/40 MP: 5/5
  2022 | D:3      | Reached skill level 5 in Crossbows
  2645 | D:3      | Reached XP level 6. HP: 12/47 MP: 6/6
  4268 | D:4      | Reached skill level 6 in Crossbows
  4268 | D:4      | Reached XP level 7. HP: 48/53 MP: 7/7
  4556 | D:4      | Noticed Duvessa
  4556 | D:4      | Noticed Dowan
  4569 | D:4      | Killed Duvessa
  4570 | D:4      | Killed Dowan
  4570 | D:4      | Reached XP level 8. HP: 34/61 MP: 8/8
  4794 | D:4      | Found a staircase to the Ecumenical Temple.
  4799 | Temple   | Entered the Ecumenical Temple
  4813 | Temple   | Became a worshipper of Ihp'ix
  4829 | D:4      | Reached skill level 7 in Crossbows
  4905 | D:4      | Reached skill level 5 in Fighting
  5061 | D:4      | Noticed Sigmund
  5067 | D:4      | Killed Sigmund
  5417 | D:5      | Entered Level 5 of the Dungeon
  5459 | D:5      | Found a runed door.
  5459 | D:5      | Noticed a human
  5463 | D:5      | Reached skill level 5 in Armour
  5481 | D:5      | Reached skill level 8 in Crossbows
  5758 | D:5      | Found a basalt altar of Yredelemnul.
  5952 | D:5      | Reached XP level 9. HP: 64/69 MP: 9/9
  6343 | D:6      | Found a shattered altar of Ashenzari.
  6445 | D:6      | Found a burning altar of Makhleb.
  6507 | D:6      | Identified 3 scrolls of acquirement
  6507 | D:6      | Acquired the +6 arbalest "Damnation" {damnation}
  6508 | D:6      | Found the +6 arbalest "Damnation" {damnation}
  6512 | D:6      | Acquired the +12 crystal plate armour of Hysteria {rC+ MR+
                  | Slay+2}
  6514 | D:6      | Acquired the +4 pair of gloves of Amelioration {rCorr
                  | Dex+3}
  6548 | D:6      | Reached skill level 1 in Invocations
  6603 | D:6      | Found a stormy altar of Qazlal.
  7073 | D:6      | Reached * piety under Ihp'ix
  7254 | D:6      | Found a deep blue altar of Sif Muna.
  7751 | D:7      | Reached skill level 9 in Crossbows
  7764 | D:7      | Reached skill level 5 in Invocations
  7875 | D:7      | Found a bloodstained altar of Trog.
  7995 | D:7      | Reached XP level 10. HP: 72/79 MP: 12/14
  8245 | D:7      | Reached ** piety under Ihp'ix
  8669 | D:8      | Noticed a cyclops
  8675 | D:8      | Killed a cyclops
  8775 | D:8      | Noticed Psyche
  8785 | D:8      | Killed Psyche
  8824 | D:8      | Found a sand-covered staircase.
  8837 | Ossuary  | Entered an ossuary
  9325 | D:8      | Found an ornate altar of the Wu Jian Council.
  9338 | D:8      | Reached *** piety under Ihp'ix
  9716 | D:8      | Reached skill level 10 in Crossbows
  9938 | D:9      | Noticed a hand axe
  9939 | D:9      | Noticed a hand axe
  9966 | D:9      | Reached XP level 11. HP: 87/87 MP: 15/17
 10113 | D:9      | Reached **** piety under Ihp'ix
 10457 | D:9      | Found a hide-covered altar of Uskayaw.
 10487 | D:9      | Noticed a two-headed ogre
 10503 | D:9      | Killed a two-headed ogre
 10696 | D:9      | Found a radiant altar of Vehumet.
 10793 | D:10     | Entered Level 10 of the Dungeon
 10854 | D:10     | Noticed a two-headed ogre
 10857 | D:10     | Noticed damerell's ghost (novice DDAr)
 10866 | D:10     | Killed a two-headed ogre
 10866 | D:10     | Witnessed revenge of damerell's ghost on a two-headed ogre.
 10974 | D:10     | Found a staircase to the Orcish Mines.
 10987 | D:10     | Found a roughly hewn altar of Beogh.
 11003 | D:10     | Found Izurch's Magic Scroll Emporium.
 11187 | D:10     | Reached ***** piety under Ihp'ix
 11586 | D:10     | Found a staircase to the Lair.
 11809 | D:10     | Reached skill level 11 in Crossbows
 11922 | D:10     | Noticed a war gargoyle
 11922 | D:10     | Noticed an orc knight
 11922 | D:10     | Noticed a glowing orange brain
 11976 | D:10     | Killed a war gargoyle
 11987 | D:10     | Killed an orc knight
 11987 | D:10     | Reached skill level 10 in Invocations
 11987 | D:10     | Reached XP level 12. HP: 19/97 MP: 17/19
 12048 | D:10     | Killed a glowing orange brain
 12048 | D:10     | Reached skill level 10 in Fighting
 12355 | D:10     | Got a fine great sword
 13361 | D:11     | Reached skill level 10 in Armour
 13694 | D:12     | Found a glowing golden altar of the Shining One.
 13750 | D:12     | Noticed a skeletal warrior
 13771 | D:12     | Killed a skeletal warrior
 13878 | D:12     | Found a burning altar of Makhleb.
 13942 | D:12     | Reached skill level 12 in Crossbows
 13976 | D:12     | Noticed a skeletal warrior
 14000 | D:12     | Killed a skeletal warrior
 14025 | D:12     | Noticed a skeletal warrior
 14041 | D:12     | Killed a skeletal warrior
 14464 | D:12     | Noticed a skeletal warrior
 14488 | D:12     | Killed a skeletal warrior
 14746 | D:12     | Reached XP level 13. HP: 55/103 MP: 18/21
 14749 | D:12     | Reached ****** piety under Ihp'ix
 14749 | D:12     | Reached skill level 5 in Dodging
 14802 | D:12     | Noticed an ogre mage
 14808 | D:12     | Killed an ogre mage
 15116 | D:12     | Reached skill level 13 in Crossbows
 15329 | Lair:1   | Entered Level 1 of the Lair of Beasts
 16584 | Lair:2   | Noticed Prince Ribbit
 16586 | Lair:2   | Killed Prince Ribbit
 17589 | Lair:3   | Found a hole to the Spider Nest.
 18181 | Lair:4   | Reached skill level 1 in Evocations
 18189 | Lair:4   | Found a staircase to the Shoals.
 18672 | Lair:4   | Reached XP level 14. HP: 85/110 MP: 20/24
 19055 | Lair:5   | Gained mutation: Your muscles are strong. (Str +2) [potion
                  | of mutation]
 19055 | Lair:5   | Gained mutation: You are partially covered in molten
                  | scales. (AC +2) [potion of mutation]
 19662 | Lair:6   | Entered Level 6 of the Lair of Beasts
 19845 | Lair:6   | Noticed Nessos
 19855 | Lair:6   | Killed Nessos
 19855 | Lair:6   | Reached skill level 14 in Crossbows
 19943 | Lair:6   | Noticed Maud
 19956 | Lair:6   | Killed Maud
 19956 | Lair:6   | Reached skill level 5 in Evocations
 20363 | Lair:6   | Found a staircase to the Slime Pits.
 20609 | Lair:6   | Reached XP level 15. HP: 104/115 MP: 21/26
 20633 | Lair:6   | Reached skill level 15 in Crossbows
 20647 | Lair:6   | Reached skill level 15 in Invocations
 22661 | D:13     | Found a gate to the Vaults.
 22943 | D:13     | Reached skill level 16 in Crossbows
 23467 | D:14     | Found Zunifuba's Jewellery Shop.
 23475 | D:14     | Bought an uncursed ring of protection from fire for 350
                  | gold pieces
 23622 | D:14     | Reached XP level 16. HP: 122/122 MP: 24/27
 23876 | D:14     | Reached skill level 10 in Dodging
 24618 | D:15     | Entered Level 15 of the Dungeon
 24618 | D:15     | Noticed Josephine
 24625 | D:14     | Killed Josephine
 25231 | D:15     | Found the +1 mace of Variability {chain chaos}
 25231 | D:15     | Found a shimmering altar of Xom.
 25488 | D:15     | Found a staircase to the Depths.
 25658 | D:15     | Reached skill level 17 in Crossbows
 25987 | Orc:1    | Entered Level 1 of the Orcish Mines
 26018 | Orc:2    | Entered Level 2 of the Orcish Mines
 26018 | Orc:2    | Found Epogozao's Gadget Shoppe.
 26050 | Orc:2    | Found Ysungoc's Weapon Shop.
 27888 | Orc:2    | Found Neall's Magic Scroll Shop.
 27894 | Orc:2    | Found a staircase to the Elven Halls.
 27906 | Orc:2    | Found Ymohat's Weapon Shoppe.
 27922 | Orc:2    | Found Uthisad's Distillery.
 27986 | Orc:2    | Reached skill level 10 in Evocations
 28090 | Orc:2    | Reached XP level 17. HP: 131/131 MP: 27/29
 29467 | Spider:1 | Entered Level 1 of the Spider Nest
 29469 | Spider:1 | Ihp'ix granted use of a +8 arbalest of freezing.
 29504 | Spider:1 | Reached skill level 18 in Crossbows
 32272 | Spider:2 | Reached skill level 5 in Shields
 33555 | Spider:3 | Reached XP level 18. HP: 142/142 MP: 28/30
 34437 | Spider:4 | Entered Level 4 of the Spider Nest
 36683 | Spider:4 | Reached skill level 10 in Shields
 37303 | Spider:4 | Got a gossamer rune of Zot
 37624 | Shoals:1 | Entered Level 1 of the Shoals
 37628 | Shoals:1 | Reached XP level 19. HP: 151/151 MP: 28/31
 39318 | Shoals:2 | Noticed Polyphemus
 39327 | Shoals:2 | Killed Polyphemus
 39609 | Shoals:2 | Identified the cursed +3 great sword of the Tundras {drain,
                  | rN+ Int+2} (You found it on level 10 of the Dungeon)
 41281 | Shoals:4 | Entered Level 4 of the Shoals
 41327 | Shoals:4 | Reached XP level 20. HP: 47/161 MP: 27/32
 41356 | Shoals:4 | Found a flickering gateway to a bazaar.
 41378 | Bazaar   | Entered a bazaar
 41700 | Bazaar   | Found Anus's Jewellery Shoppe.
 41706 | Bazaar   | Found Jagiog's Magic Scroll Shop.
 41708 | Bazaar   | Bought the amulet "Ugyduisi" {Spirit rElec rF+ MR+} for 566
                  | gold pieces
 41708 | Bazaar   | Bought the ring of Hikhocu {Str+4 Stlth+} for 368 gold
                  | pieces
 41708 | Bazaar   | Bought the ring of a Million Allies {rC+ rN+ MR+} for 396
                  | gold pieces
 41720 | Bazaar   | Found Nyoroarch's Antique Armour Emporium.
 41723 | Bazaar   | Bought a scroll of fog for 32 gold pieces
 41730 | Bazaar   | Bought a pair of embroidered boots for 285 gold pieces
 41770 | Bazaar   | Found Jiararchuo's Armour Shop.
 42331 | Shoals:4 | Reached skill level 15 in Fighting
 43211 | Shoals:4 | Got a barnacled rune of Zot
 43638 | Elf:1    | Entered Level 1 of the Elven Halls
 43717 | Elf:1    | Reached skill level 15 in Shields
 43831 | Elf:1    | Acquired 408 gold pieces
 44094 | Elf:1    | Noticed Kirke
 44101 | Elf:1    | Killed Kirke
 44778 | Elf:2    | Found Giwopp's Jewellery Shop.
 44788 | Elf:2    | Reached skill level 15 in Evocations
 44809 | Elf:2    | Found Guuk's Assorted Antiques.
 44809 | Elf:2    | Found Jureqeh's Armour Boutique.
 44812 | Elf:2    | Found Fonkecog's Distillery.
 44963 | Elf:2    | Found a flickering gateway to a bazaar.
 44974 | Bazaar   | Entered a bazaar
 44974 | Bazaar   | Found Atioruirey's Armour Boutique.
 44974 | Bazaar   | Found Miro Xieh's Weapon Shoppe.
 44974 | Bazaar   | Found Jaufreunass's Book Shop.
 44974 | Bazaar   | Found Kaanaxaun's Antique Armour Shoppe.
 45173 | Bazaar   | Found Vame's Weapon Shop.
 45173 | Bazaar   | Found Temoidif's Antique Armour Emporium.
 45189 | Bazaar   | Bought a glowing tower shield for 172 gold pieces
 45212 | Bazaar   | Bought the Tome of Creative Talismans for 810 gold pieces
 45474 | Elf:2    | Reached XP level 21. HP: 169/171 MP: 30/33
 45687 | Elf:2    | Reached skill level 15 in Armour
 45756 | Elf:2    | Found a huge runed gate.
 45756 | Elf:2    | Found a huge runed gate.
 45756 | Elf:2    | Found a huge runed gate.
 45756 | Elf:2    | Found a huge runed gate.
 45756 | Elf:2    | Found a huge runed gate.
 46571 | Elf:3    | Entered Level 3 of the Elven Halls
 46765 | Elf:3    | Found Tegust's Jewellery Emporium.
 46766 | Elf:3    | Found Oweopteg's Gadget Shop.
 46766 | Elf:3    | Found Esank's Gadget Shop.
 48014 | Elf:3    | Identified the cursed amulet "Vaufa" {Faith rElec rN++
                  | *Curse} (You took it off a deep elf mage on level 3 of the
                  | Elven Halls)
 48021 | Elf:3    | Identified the ring of Due Proportion {Wiz rN++ Str-3 SInv}
                  | (You took it off a deep elf mage on level 3 of the Elven
                  | Halls)
 48043 | Elf:3    | Reached XP level 22. HP: 184/184 MP: 31/34
 48057 | Elf:3    | Identified the ring of the Garden {MR+ AC+2 Str+5} (You
                  | took it off a deep elf knight on level 3 of the Elven
                  | Halls)
 48218 | Elf:3    | Identified the Collected Works on Talismans
 48748 | Elf:3    | Noticed Asterion
 48763 | Elf:3    | Killed Asterion
 49078 | Depths:1 | Entered Level 1 of the Depths
 49172 | Vaults:1 | Entered Level 1 of the Vaults
 50957 | Vaults:2 | Noticed Margery
 50968 | Vaults:2 | Killed Margery
 52211 | Vaults:2 | Reached XP level 23. HP: 196/196 MP: 35/35
 53545 | Vaults:3 | Found a staircase to the Crypt.
 53545 | Vaults:3 | Found a basalt altar of Yredelemnul.
 53546 | Vaults:3 | Found an ancient bone altar of Kikubaaqudgha.
 53586 | Vaults:3 | Found Yfoow's Distillery.
 54602 | Vaults:4 | Noticed Sojobo
 54635 | Vaults:4 | Killed Sojobo
 55197 | Vaults:4 | Reached XP level 24. HP: 210/210 MP: 36/36
 55739 | Vaults:4 | Acquired a phantom mirror
 57261 | Depths:1 | Found a one-way gate to the infinite horrors of the Abyss.
 57553 | Depths:1 | Found a gateway to Hell.
 57576 | Depths:1 | Found Volosch's One-of-a-Kind Books.
 57935 | Depths:1 | Killed a caustic shrike
 58228 | Depths:1 | Found a one-way gate leading to the halls of Pandemonium.
 58385 | Depths:1 | Reached XP level 25. HP: 111/219 MP: 36/36
 59080 | Depths:1 | Identified the Volume of Ice and Conjuration
 59990 | Depths:2 | Found a large runed door.
 59991 | Depths:2 | Found a large runed door.
 61492 | Depths:3 | Noticed a juggernaut
 61503 | Depths:3 | Killed a juggernaut
 61756 | Depths:3 | Reached XP level 26. HP: 229/231 MP: 37/37
 62766 | Depths:4 | Found a gateway to a ziggurat.
 63459 | Depths:4 | Noticed a juggernaut
 63474 | Depths:4 | Killed a juggernaut
 63549 | Depths:4 | Reached skill level 1 in Spellcasting
 63554 | Depths:4 | Learned a level 1 spell: Apportation
 63556 | Depths:4 | Learned a level 1 spell: Summon Butterflies
 63559 | Depths:4 | Learned a level 2 spell: Shroud of Golubria
 63565 | Depths:4 | Learned a level 5 spell: Aura of Abjuration
 63569 | Depths:4 | Learned a level 3 spell: Mephitic Cloud
 63571 | Depths:4 | Learned a level 1 spell: Confusing Touch
 63576 | Depths:4 | Learned a level 4 spell: Passage of Golubria
 63581 | Depths:4 | Learned a level 4 spell: Regeneration
 64040 | Depths:4 | Reached skill level 1 in Charms
 64040 | Depths:4 | Reached skill level 1 in Summonings
 64061 | Depths:4 | Reached skill level 1 in Translocations
 64566 | Depths:3 | Reached XP level 27. HP: 242/242 MP: 37/37
 64856 | Vaults:5 | Entered Level 5 of the Vaults
 65035 | Vaults:5 | Noticed Xtahua
 65040 | Vaults:5 | Killed Xtahua
 66233 | Vaults:5 | Reached skill level 5 in Spellcasting
 66309 | Vaults:5 | Reached skill level 5 in Summonings
 66384 | Vaults:5 | Reached skill level 5 in Charms
 66511 | Vaults:5 | Reached skill level 5 in Translocations
 67215 | Vaults:5 | Got a silver rune of Zot
 68163 | Depths:5 | Entered Level 5 of the Depths
 68362 | Depths:5 | Found a gate to the Realm of Zot.
 68568 | Depths:5 | Found a flickering gateway to a bazaar.
 68574 | Bazaar   | Entered a bazaar
 68574 | Bazaar   | Found Ecunyl Piom's Distillery.
 68882 | Bazaar   | Found Mef Zoosoiq's Book Shoppe.
 68889 | Bazaar   | Found Erahis's Magic Scroll Boutique.
 68895 | Bazaar   | Found Gecuxki's Jewellery Emporium.
 68897 | Bazaar   | Bought a scroll of fog for 28 gold pieces
 68897 | Bazaar   | Bought a scroll of silence for 105 gold pieces
 68903 | Bazaar   | Found Ihiefed's Book Emporium.
 68913 | Bazaar   | Bought a book of Battle for 560 gold pieces
 68952 | Bazaar   | Bought a potion of curing for 27 gold pieces
 68952 | Bazaar   | Bought a potion of heal wounds for 45 gold pieces
 68952 | Bazaar   | Bought a potion of magic for 72 gold pieces
 68952 | Bazaar   | Bought a potion of flight for 27 gold pieces
 68952 | Bazaar   | Bought a potion of invisibility for 72 gold pieces
 68952 | Bazaar   | Bought 2 potions of agility for 72 gold pieces
 68952 | Bazaar   | Bought a potion of brilliance for 36 gold pieces
 68952 | Bazaar   | Bought a potion of flight for 27 gold pieces
 68952 | Bazaar   | Bought a potion of agility for 36 gold pieces
 69078 | Depths:5 | Ihp'ix granted use of a +8 triple crossbow of velocity.
 69902 | Elf:3    | Bought a wand of acid (5 charges) for 294 gold pieces
 69902 | Elf:3    | Bought a wand of scattershot (8 charges) for 694 gold
                  | pieces
 69902 | Elf:3    | Bought a phantom mirror for 420 gold pieces
 69902 | Elf:3    | Bought a sack of spiders for 280 gold pieces
 69902 | Elf:3    | Bought a box of beasts for 280 gold pieces
 70204 | Vaults:3 | Bought a potion of heal wounds for 85 gold pieces
 70204 | Vaults:3 | Bought a potion of might for 68 gold pieces
 70204 | Vaults:3 | Bought a potion of heal wounds for 85 gold pieces
 70204 | Vaults:3 | Bought a potion of curing for 51 gold pieces
 70204 | Vaults:3 | Bought a potion of heal wounds for 85 gold pieces
 70446 | Orc:2    | Bought a scroll of enchant weapon for 105 gold pieces
 70446 | Orc:2    | Bought a scroll of fear for 49 gold pieces
 70458 | Orc:2    | Bought a potion of mutation for 136 gold pieces
 70458 | Orc:2    | Bought a potion of mutation for 136 gold pieces
 70458 | Orc:2    | Bought a potion of magic for 136 gold pieces
 70776 | Zot:1    | Entered Level 1 of the Realm of Zot
 71470 | Zot:1    | Reached skill level 19 in Crossbows
 72630 | Zot:1    | Reached skill level 20 in Crossbows
 73977 | Zot:1    | Reached skill level 21 in Crossbows
 74592 | Zot:2    | Acquired The Foundations of Magic
 74953 | Zot:2    | Reached skill level 22 in Crossbows
 76158 | Zot:3    | Reached skill level 23 in Crossbows
 77006 | Zot:3    | Found a transporter.
 77008 | Zot:3    | Noticed an ancient lich
 77011 | Zot:3    | Found a deep blue altar of Sif Muna.
 77013 | Zot:3    | Noticed an ancient lich
 77136 | Zot:3    | Noticed an ancient lich
 77862 | Zot:4    | Reached skill level 24 in Crossbows
 79092 | Zot:4    | Reached skill level 25 in Crossbows
 79266 | Zot:5    | Entered Level 5 of the Realm of Zot
 79641 | Zot:5    | Noticed an orb of fire
 79649 | Zot:5    | Killed an orb of fire
 79649 | Zot:5    | Reached skill level 26 in Crossbows
 79658 | Zot:5    | Noticed an orb of fire
 79665 | Zot:5    | Killed an orb of fire
 79679 | Zot:5    | Noticed an orb of fire
 79699 | Zot:5    | Killed an orb of fire
 80035 | Zot:5    | Noticed an orb of fire
 80035 | Zot:5    | Noticed an ancient lich
 80046 | Zot:5    | Killed an orb of fire
 80052 | Zot:5    | Killed an ancient lich
 80244 | Zot:5    | Noticed an orb of fire
 80254 | Zot:5    | Killed an orb of fire
 80346 | Zot:5    | Got the Orb of Zot
 80874 | D:8      | Noticed Haopneg the pandemonium lord
 80883 | D:8      | Killed Haopneg the pandemonium lord
 81045 | D:$      | Escaped with the Orb!

Vault maps used:
D:1:      matt_arrival_refuge, minmay_close_crescents
D:2:      grunt_ministairs_3
D:3:      first_bread
D:4:      temple_doors_cd, minmay_distorted, uniq_duvessa, uniq_sigmund
D:5:      dk_yredelemnul_ordeal
D:6:      bloody_makhleb, cheibrodos_ashenzari_chains, lemuel_blue_sif_altar,
          grunt_ministairs_15, minmay_misc_feat_columns,
          nicolae_qazlal_eye_of_the_storm
D:7:      trog_eyes_of_draining
D:8:      old_standard_altar, enter_ossuary_1, hangedman_pestilent_swarm,
          uniq_psyche
D:9:      kennysheep_mini_moat, dancing_weapons_uskayaw, special_room
D:10:     lair_entry_dummy, minmay_orc_entry_temple_small, serial_shops, shop,
          wad_scary_box
D:11:     minmay_radiant
D:12:     basic_altar, kennysheep_decorative_pillar,
          nicolae_tso_carved_into_rock
D:13:     hangedman_vaults_entry_quadrant_bands
D:14:     serial_shops, nicolae_shop_crystal, roderic_roman_lattice,
          minmay_variable_closet
D:15:     hangedman_depths_entry_try_elsewhere_first,
          minmay_guarded_unrand_variability, uniq_josephine
Temple:   lightli_temple_of_artemis
Lair:1:   chequers_serial_rivers_small_a, hibernation_bobbens
Lair:2:   guppyfry_lair_drakes, uniq_prince_ribbit2
Lair:3:   dummy_spider_entry
Lair:4:   minmay_shoals_entry_lonely_mermaid, disabler_island
Lair:6:   gammafunk_lair_ancient_temple, slime_dummy, minmay_lair_oklob_chamber,
          lemuel_fruit_tree, uniq_nessos, uniq_maud
Shoals:1: nicolae_shoals_so_close
Shoals:2: uniq_polyphemus
Shoals:3: nicolae_shoals_kraken_intersection
Shoals:4: shoals_end_grunt_ice, serial_shops, bzr_entry_road
Spider:1: zaba_anthell
Spider:2: hangedman_spider_tarantella_strand
Spider:4: guppyfry_spider_rune
Orc:2:    st_orc_open, portal_ice_cave_entry_imps, serial_shops, shop,
          minmay_orc_barracks
Elf:1:    hangedman_elven_crosses_minicolossus, spider_trap, uniq_kirke
Elf:2:    serial_shops, bzr_firewalk, minmay_shoptagon, lemuel_elevator
Elf:3:    minmay_elf_hall_curves, minmay_shop_grove, uniq_asterion
Vaults:1: ontoclasm_vaults_gateway, ontoclasm_vaults_misaligned, v_misc_5,
          v_misc_32, vaults_room_grunt_arrival_ludios, v_misc_29,
          vaults_dpeg_doors, vaults_dpeg_diagonal, vaults_mumra_lcd, v_misc_13,
          ontoclasm_vaults_bender
Vaults:2: vaults_mumra_chevron, v_misc_14, nicolae_vaults_big_angled_halls,
          v_misc_22, vaults_room_semicircle, v_misc_12, hangedman_vaults_corner,
          nicolae_vaults_sealed_display, v_pattern_1,
          nicolae_vaults_holding_cells, vaults_room_ringed_pool,
          nicolae_vaults_mini_display_case, v_rooms_4, hangedman_vaults_impose,
          uniq_margery
Vaults:3: minmay_crypt_entry_necro_gods, nicolae_vaults_three_branches,
          grunt_vaults_hallway_long, nicolae_vaults_stairing_the_circle,
          nicolae_vaults_specimen_jars, nicolae_vaults_little_squares_6,
          nicolae_vaults_circle_grid_a, v_misc_5,
          hangedman_vaults_stretched_pinwheel, nicolae_vaults_big_angled_halls,
          grunt_vaults_funnel, hangedman_vaults_maws, hangedman_vaults_stitches,
          nicolae_vaults_little_squares_2, nicolae_vaults_little_squares_4,
          serial_shops, nicolae_shop_crystal
Vaults:4: nicolae_vaults_big_ls, nicolae_vaults_arrows,
          nicolae_vaults_angled_halls, st_eye, vaults_room_fours,
          hangedman_vaults_variations, nicolae_vaults_diagonal_hallway_9,
          v_alt_pattern_2, nicolae_vaults_windows_and_doors_thing,
          vaults_room_pools, uniq_sojobo
Vaults:5: uniq_xtahua
Depths:1: vault_1, lightli_too_deep, abyss_entry_crystal, eino_curves_04,
          pan_entry, kennysheep_doodads, kennysheep_another_room,
          nicolae_rare_books, lemuel_nasty_fountain
Depths:2: lightli_eight_chambers, minmay_misc_feat_secret_circle,
          rand_demon_pan_entry_7, pf_hell_entry_tar_spiral
Depths:3: minmay_triangles_in_corner, serial_rivers,
          chequers_serial_rivers_room_b, chequers_serial_rivers_marsh,
          chequers_serial_rivers_room_a, chequers_serial_rivers_small_b,
          chequers_serial_rivers_marsh, chequers_serial_rivers_small_a,
          hell_entry, rand_demon_pan_entry_1
Depths:4: minmay_nested_s, enter_ziggurat_a, abyss_entry,
          pf_dread_powers_of_hell, minmay_misc_feat_nine_boxes,
          basic_loot_grate_trap, kennysheep_cross_room, serial_bayou_shore_b
Depths:5: grunt_zot_entry_gee_three, serial_shops, bzr_entry_safe,
          minmay_misc_feat_tiny, hell_entry
Zot:1:    kennysheep_bubbly, hangedman_swamp_dais
Zot:2:    st_single_dragon_hoard_4, st_stairs_8, basic_stair_grate_trap
Zot:3:    gammafunk_sealed_library
Zot:4:    kennysheep_spiral_hall, skrybe_zot_glass_1
Zot:5:    st_stairs_9
Bazaar:   bazaar_kb_twisted_cavern, bazaar_minmay_generic_island,
          bazaar_kb_twisted_cavern
Ossuary:  ossuary_zaba_flooded

Skill      XL: |  1  2  3  4  5  6  7  8  9 10 11 12 13 14 15 16 17 18 19 20 21 22 23 24 25 26 27 |
---------------+----------------------------------------------------------------------------------+-----
Shields        | 1 2 6 10 13 15 16 17 18 22 | 22.1
Armour         | 1 2 3 4 5 6 7 9 10 11 12 13 14 16 17 18 19 20 23 | 23.8
Fighting       | 3 4 5 7 8 9 10 11 12 13 14 16 18 20 21 22 24 25 | 25.0
Crossbows      | 5 6 8 9 10 11 12 13 14 16 17 18 26 | 26.0
Invocations    | 5 8 10 11 13 14 15 16 17 18 20 | 20.0
Dodging        | 4 7 8 9 10 12 | 12.9
Evocations     | 2 6 8 10 11 12 13 15 16 17 18 19 20 | 20.0
Spellcasting   | 2 7 |  7.9
Charms         | 1 5 |  5.0
Summonings     | 2 8 |  8.0
Translocations | 1 6 |  6.0
Stealth        | |  1.2

Action                   |  1- 3 |  4- 6 |  7- 9 | 10-12 | 13-15 | 16-18 | 19-21 | 22-24 | 25-27 || total
-------------------------+-------+-------+-------+-------+-------+-------+-------+-------+-------++-------
Melee: Short sword       |   103 |   105 |       |       |       |       |       |       |       ||   208
       War axe           |       |    99 |   175 |       |       |       |       |       |       ||   274
 Fire: Hand crossbow     |     3 |    30 |    40 |    59 |     7 |       |       |       |       ||   139
       Shortbow          |       |       |   201 |   966 |   453 |       |       |       |       ||  1620
       Arbalest          |       |       |       |     4 |   113 |   277 |   167 |   535 |  1093 ||  2189
       Longbow           |       |       |       |       |   444 |  1228 |  1229 |  1279 |   942 ||  5122
       Triple crossbow   |       |       |       |       |       |       |       |       |  1098 ||  1098
Invok: Infuse Ranged Att |       |       |       |     1 |       |       |       |     1 |     1 ||     3
       Piercing Fire     |       |       |       |     1 |     1 |     3 |     2 |     3 |     4 ||    14
       Superior Divine W |       |       |       |       |       |     1 |       |       |     1 ||     2
       Stop Infusing Ran |       |       |       |       |       |       |       |     2 |     1 ||     3
 Abil: Dig               |       |       |       |       |     2 |       |       |       |     2 ||     4
  Use: Scroll            |     5 |     3 |     9 |     8 |    12 |     1 |    12 |    12 |    39 ||   101
       Potion            |       |     2 |       |     1 |     1 |       |       |     1 |    16 ||    21
  Eat: Chunk             |     2 |     9 |    12 |    19 |    28 |    37 |    33 |    14 |    28 ||   182
       Fruit             |       |       |       |     1 |       |     7 |     1 |    21 |    11 ||    41
       Bread ration      |       |       |       |       |       |       |       |       |     5 ||     5
       Meat ration       |       |       |       |       |       |       |       |       |     3 ||     3
Armor: Leather armour    |    13 |       |       |       |       |       |       |       |       ||    13
       Ring mail         |    22 |       |       |       |       |       |       |       |       ||    22
       Scale mail        |     8 |    49 |       |       |       |       |       |       |       ||    57
       Skin              |       |     9 |       |       |       |       |       |       |       ||     9
       Chain mail        |       |    58 |   114 |       |       |       |       |       |       ||   172
       Crystal plate arm |       |       |   103 |   340 |   364 |  1331 |   355 |   528 |   909 ||  3930
Dodge: Dodged            |    65 |   101 |   101 |    93 |   204 |   584 |   161 |   295 |   472 ||  2076
Block: Buckler           |    29 |    51 |    86 |   114 |   121 |   216 |       |       |       ||   617
       Tower shield      |       |       |       |       |       |   620 |   737 |  1380 |  2380 ||  5117

Table legend:
 A = Spawn XP
 B = Non-spawn XP
 C = Spawn XP percentage of total XP
 D = Spawn monster count
 E = Non-spawn monster count
 F = Spawn count percentage of total count
 G = Total turns spent on level
                    A         B        C        D         E        F      G
               +---------+---------+-------+---------+---------+-------+---------
         Total |  259629 | 1536393 |  14.5 |     473 |    2210 |  17.6 | 81045
               +---------+---------+-------+---------+---------+-------+---------
           D:1 |       3 |      28 |   9.7 |       2 |      14 |  12.5 |  1154
           D:2 |      29 |      27 |  51.8 |       4 |       8 |  33.3 |   609
           D:3 |      70 |     213 |  24.7 |      10 |      30 |  25.0 |  2279
           D:4 |     394 |     928 |  29.8 |       8 |      30 |  21.1 |  1443
           D:5 |      82 |     317 |  20.6 |       3 |      18 |  14.3 |   949
           D:6 |     222 |     681 |  24.6 |       4 |      20 |  16.7 |  1129
           D:7 |       3 |    1498 |   0.2 |       1 |      29 |   3.3 |  1199
           D:8 |     144 |    2378 |   5.7 |       3 |      28 |   9.7 |   963
           D:9 |     224 |    1642 |  12.0 |       4 |      36 |  10.0 |   860
          D:10 |    1010 |    6911 |  12.8 |      10 |      47 |  17.5 |  2223
          D:11 |       2 |    4088 |   0.0 |       2 |      42 |   4.5 |  1395
          D:12 |    6237 |    7757 |  44.6 |      19 |      31 |  38.0 |  1803
          D:13 |    2035 |    9756 |  17.3 |       8 |      53 |  13.1 |  1502
          D:14 |    2014 |   11821 |  14.6 |       9 |      34 |  20.9 |  1953
          D:15 |    1395 |   17182 |   7.5 |       3 |      40 |   7.0 |  1261
        Lair:1 |       0 |     910 |   0.0 |       0 |       6 |   0.0 |   894
        Lair:2 |     514 |    2967 |  14.8 |       2 |      14 |  12.5 |  1276
        Lair:3 |     593 |    2019 |  22.7 |       3 |       9 |  25.0 |   890
        Lair:4 |     472 |    5227 |   8.3 |       4 |      23 |  14.8 |  1002
        Lair:5 |     527 |    3354 |  13.6 |       2 |      13 |  13.3 |   694
        Lair:6 |    5373 |   34512 |  13.5 |      12 |      73 |  14.1 |  2158
      Shoals:1 |    4330 |   19347 |  18.3 |      12 |      36 |  25.0 |  1486
      Shoals:2 |    5918 |   22771 |  20.6 |       9 |      36 |  20.0 |  1115
      Shoals:3 |    2530 |   13759 |  15.5 |       5 |      22 |  18.5 |  1107
      Shoals:4 |    3682 |   34475 |   9.6 |       7 |      57 |  10.9 |  1728
      Spider:1 |    4897 |   19060 |  20.4 |      16 |      78 |  17.0 |  1736
      Spider:2 |    4817 |   11628 |  29.3 |       9 |      30 |  23.1 |  1853
      Spider:3 |    1221 |    8947 |  12.0 |       5 |      30 |  14.3 |  1181
      Spider:4 |    8301 |   47102 |  15.0 |      18 |      97 |  15.7 |  3040
         Orc:1 |    1492 |    8226 |  15.4 |      23 |      28 |  45.1 |  2270
         Orc:2 |    2988 |   12153 |  19.7 |      23 |      74 |  23.7 |  1408
         Elf:1 |    1000 |   26000 |   3.7 |       2 |      38 |   5.0 |  1136
         Elf:2 |     192 |   41774 |   0.5 |       1 |      62 |   1.6 |  1588
         Elf:3 |    5998 |   65948 |   8.3 |       9 |      59 |  13.2 |  2296
      Vaults:1 |   13009 |   34063 |  27.6 |      18 |      66 |  21.4 |  1863
      Vaults:2 |   10619 |   37228 |  22.2 |      13 |      56 |  18.8 |  1849
      Vaults:3 |   13195 |   51373 |  20.4 |      22 |      69 |  24.2 |  2196
      Vaults:4 |   17622 |   81363 |  17.8 |      26 |      98 |  21.0 |  2358
      Vaults:5 |    9641 |  169790 |   5.4 |      13 |     150 |   8.0 |  2683
      Depths:1 |   21526 |   48396 |  30.8 |      38 |      52 |  42.2 |  2597
      Depths:2 |    5970 |   50053 |  10.7 |       7 |      66 |   9.6 |  1250
      Depths:3 |   17602 |   52123 |  25.2 |      24 |      46 |  34.3 |  1913
      Depths:4 |    5364 |  119806 |   4.3 |       7 |     112 |   5.9 |  2462
      Depths:5 |    4686 |   58153 |   7.5 |       6 |      45 |  11.8 |  1074
         Zot:1 |   29244 |   87193 |  25.1 |      19 |      55 |  25.7 |  3669
         Zot:2 |   13246 |   45579 |  22.5 |      10 |      26 |  27.8 |  1545
         Zot:3 |    8443 |   46993 |  15.2 |       6 |      29 |  17.1 |  1945
         Zot:4 |    3180 |   56372 |   5.3 |       3 |      29 |   9.4 |  1425
         Zot:5 |   17573 |  151900 |  10.4 |       9 |      44 |  17.0 |  1156
       Ossuary |       0 |     602 |   0.0 |       0 |      22 |   0.0 |   373
               +---------+---------+-------+---------+---------+-------+---------
